Cogmind - Beta 17 @@@ ROGUE MODE // 2026.07.14 @ 21:08:21 Player: TheSkyeDoctor Result: Destroyed by G-50 Soldier with Heavy Laser Performance ------------- Evolutions (3) 1500 Regions Visited (8) 1600 Robots Destroyed (57) 285 Value Destroyed (1957) 1957 Prototype IDs (12) 240 Alien Tech Used (1) 200 Bonus (287) 287 TOTAL SCORE: 6069 Bonus ------- Follower Combat Kills 135 Met Data Miner 300 Friendly Fire -148 Cogmind --------- Core Integrity 0/700 Matter 113/300 Energy 60/100 System Corruption 19% Temperature Cool (9) Movement Core (450) Ox8 Location -6/Proximity Caves Parts ------- > --- POWER (1) -------- (None) > --- PROPULSION (2) --- (None) > --- UTILITY (7) ------ Advanced Heat Sink Large Storage Unit > --- WEAPON (4) ------- Beamcaster > --- INVENTORY (15) --- Medium Storage Unit Compact Battery (200) Compact Matter Pod (150) Advanced Terrain Scan Processor Cloaking Device EM Shield Hacking Suite Hacking Suite Hacking Suite Heavy Missile Launcher Heavy Missile Launcher Peak State ------------ > --- POWER ------------ Deuterium Engine > --- PROPULSION ------- Medium Treads Medium Treads > --- UTILITY ---------- Large Storage Unit Improved Terrain Scanner Advanced Terrain Scan Processor Improved Utility Shielding Improved Medium Armor Plating Hacking Suite Hacking Suite > --- WEAPON ----------- Arc Projector Makeshift Laser Flak Gun Heavy Battle Rifle > --- INVENTORY -------- Light Nuclear Core Improved Heat Sink Medium Storage Unit Compact Battery Compact Matter Pod Advanced Terrain Scan Processor Medium Armor Plating Hacking Suite Hacking Suite Hacking Suite Heavy Missile Launcher Heavy Missile Launcher Heavy Missile Launcher [Rating: 52] Favorites ----------- Power Deuterium Engine Engine Deuterium Engine Power Core Light Nuclear Core Propulsion Medium Treads Treads Medium Treads Leg Makeshift Leg Utility Hacking Suite Device Improved Terrain Scanner Storage Large Storage Unit Processor Advanced Terrain Scan Processor Hackware Hacking Suite Protection Improved Utility Shielding Weapon Heavy EM Shotgun Energy Gun Heavy EM Shotgun Ballistic Gun Heavy Assault Rifle Launcher Heavy Missile Launcher Slashing Weapon Scythe Build | -11 -10 -9 -8 -7 -7 -7 -7 -6 ------- Run | Yrd Mat Mat Mat Fac Low Low Dat Pro Slots Evolved 6 | . . 2 2 2 . . . . Power . | . . . . . . . . . Propulsion . | . . . . . . . . . Utility 4 | . . . 2 2 . . . . Weapon 2 | . . 2 . . . . . . Parts Attached 46 | 7 . 6 8 14 4 . . 7 Power 6 | 1 . . 2 2 . . . 1 Engine 4 | 1 . . 2 1 . . . . Core 2 | . . . . 1 . . . 1 Reactor . | . . . . . . . . . Propulsion 9 | 2 . . 2 4 . . . 1 Treads 8 | 2 . . 2 4 . . . . Leg 1 | . . . . . . . . 1 Wheel . | . . . . . . . . . Hover . | . . . . . . . . . Flight . | . . . . . . . . . Utility 15 | 2 . 3 3 4 1 . . 2 Device 4 | 1 . . . 1 . . . 2 Storage 4 | 1 . 2 . . 1 . . . Processor 1 | . . . . 1 . . . . Hackware 2 | . . 1 1 . . . . . Protection 4 | . . . 2 2 . . . . Artifact . | . . . . . . . . . Weapon 16 | 2 . 3 1 4 3 . . 3 Energy Gun 7 | 1 . 2 . 2 1 . . 1 Energy Cannon . | . . . . . . . . . Ballistic Gun 6 | 1 . 1 1 1 1 . . 1 Ballistic Cannon . | . . . . . . . . . Launcher 2 | . . . . . 1 . . 1 Special Weapon . | . . . . . . . . . Impact Weapon . | . . . . . . . . . Slashing Weapon 1 | . . . . 1 . . . . Piercing Weapon . | . . . . . . . . . Special Melee Weapon . | . . . . . . . . . Unidentified Prototypes 2 | . . 1 . . 1 . . . Corrupted Parts 1 | . . . 1 . . . . . System Corruption 3 | . . . 3 . . . . . Parts Lost 31 | . . . 2 11 . . . 18 Power 5 | . . . 1 2 . . . 2 Propulsion 4 | . . . . 2 . . . 2 Utility 9 | . . . . 1 . . . 8 Weapon 13 | . . . 1 6 . . . 6 Highest Loss Streak 13 | . . . 1 4 . . . 13 To Critical Strikes . | . . . . . . . . . Average Backups 11 | 2 3 7 12 13 12 13 13 11 Power . | . 1 1 . . 1 1 1 . Propulsion . | . 1 . . . . . . . Utility 7 | . 1 5 8 8 8 9 9 8 Weapon 2 | . . 1 3 3 2 3 3 2 Tool/Special . | . . . . . . . . . Unused Backups 10 | . . 1 1 . . . . 8 Power . | . . . . . . . . . Propulsion 1 | . . 1 . . . . . . Utility 7 | . . . . . . . . 7 Weapon 2 | . . . 1 . . . . 1 Tool/Special . | . . . . . . . . . Average Slot Usage (%) 86 | . 100 98 99 86 88 100 100 42 Engine 6 | . 14 11 9 3 7 7 7 . Core 1 | . . . . 2 . . . 3 Treads 14 | . 28 22 18 14 14 14 14 1 Device 4 | . 14 2 . . 5 7 7 6 Storage 8 | . 14 11 9 7 7 7 7 7 Processor 3 | . . . . 6 7 7 7 1 Hackware 11 | . . 9 17 15 14 14 14 2 Protection 8 | . . . 9 13 13 14 14 1 Energy Gun 14 | . 14 31 24 6 8 14 14 1 Ballistic Gun 10 | . 14 11 11 5 8 14 14 7 Launcher 1 | . . . . . . . . 5 Peak Build Rating 52 | 7 7 20 34 44 52 52 52 52 Average Rating 31 | 5 7 18 29 37 44 52 52 24 On Entrance 29 | . 7 7 20 34 41 52 52 52 Avg Prop Armor Cover (%) . | . . . . . . . . . Naked Turns . | . . . . . . . . . Heaviest Build 53 | 15 15 38 52 53 53 53 53 53 Greatest Support 56 | 40 40 40 43 56 56 56 56 56 Greatest Overweight (x) 12 | 4 . . 1 1 . . . 12 Average Overweight (x) . | . . . 1 . . . . 4 Largest Inventory Capacity 15 | 8 8 15 15 15 15 15 15 15 Average Capacity 13 | 7 8 8 15 15 15 15 15 15 Most Carried 15 | 3 4 10 15 15 14 13 13 14 Average Carried 11 | 2 3 8 12 13 12 13 13 11 Final Capacity 15 | 8 8 15 15 15 15 15 15 15 Final Carried 15 | 3 4 10 15 13 13 13 13 11 Class Distribution -------------------- 23% | Mutant 22% | Hacker-Mutant 21% | Hacker-Skirmisher 20% | Hacker-Tank 11% | Gunner Dominant Class ---------------- Mutant | -10/Materials Gunner | -9/Materials Hacker-Tank | -8/Materials Hacker-Mutant | -7/Factory Hacker-Mutant | -7/Lower Caves Hacker-Skirmisher | -7/Lower Caves Hacker-Skirmisher | -7/Data Miner Mutant | -6/Proximity Caves Resources | -11 -10 -9 -8 -7 -7 -7 -7 -6 ----------- Run | Yrd Mat Mat Mat Fac Low Low Dat Pro Matter Collected 1439 | 318 81 255 177 186 190 21 . 211 Remotely . | . . . . . . . . . Salvage Created 2362 | 162 162 492 538 445 102 . . 461 Parts 136 | 13 14 35 39 19 3 . . 13 Haulers Intercepted 1 | . . 1 . . . . . . Recyclers Shooed 1 | . . . 1 . . . . . Parts Field Recycled . | . . . . . . . . . Retrieved Matter . | . . . . . . . . . Parts Self-Destructed 13 | . . . . . 2 . . 11 Prevented 3 | . . . . . 1 . . 2 Parts Restored . | . . . . . . . . . Kills | -11 -10 -9 -8 -7 -7 -7 -7 -6 ------- Run | Yrd Mat Mat Mat Fac Low Low Dat Pro Combat Hostiles Destroyed 45 | . 5 7 12 8 2 . . 11 Melee 7 | . . . . 7 . . . . Guns 31 | . 5 7 9 1 2 . . 7 AOE 6 | . . . 2 . . . . 4 Classes Destroyed 15 | 2 3 4 1 1 1 . . 3 Builder 1 | . . 1 . . . . . . Tunneler 4 | 4 . . . . . . . . Hauler 1 | . . 1 . . . . . . Recycler 2 | 1 . 1 . . . . . . Operator 2 | . 1 1 . . . . . . Watcher 2 | . . 1 1 . . . . . Swarmer 7 | . 3 . 4 . . . . . Saboteur 1 | . . . . . . . . 1 Grunt 23 | . 2 6 4 3 2 . . 6 Brawler 2 | . . . . . . . . 2 Duelist 2 | . . . . . . . . 2 Sentry 6 | . . 1 3 2 . . . . Hunter 2 | . . . 1 1 . . . . Programmer 2 | . . . . 2 . . . . Decomposer 1 | . . . . . 1 . . . Best Kill Streak 6 | 2 2 4 4 3 2 . . 6 Combat Bots Only 6 | . 2 2 4 3 2 . . 6 Max Kills in Single Turn 3 | 1 1 2 3 1 1 . . 2 Gunslinging . | . . . . . . . . . Exploded 2 | . . . 2 . . . . 2 Melee 1 | . . . . 1 . . . . Uniques/NPCs Destroyed . | . . . . . . . . . Combat | -11 -10 -9 -8 -7 -7 -7 -7 -6 -------- Run | Yrd Mat Mat Mat Fac Low Low Dat Pro Hostile Shots Fired 381 | . 28 11 39 201 10 . . 92 Missed 95 | . 8 2 13 49 3 . . 20 Hits 286 | . 20 9 26 152 7 . . 72 Melee 11 | . . . . . . . . 11 Projectile 275 | . 20 9 26 152 7 . . 61 Critical Strikes 10 | . . . 1 5 . . . 4 Damage Taken 4486 | . 184 149 413 1802 114 . . 1824 Core 782 | . 52 . 13 177 20 . . 520 Absorbed by Shields . | . . . . . . . . . Redirected to Shielding 108 | . . . . 39 1 . . 68 Core Remaining (%) 94 | 100 79 100 97 . . . . . Volleys Fired 134 | 16 27 15 20 12 10 . . 34 Largest 4 | 2 2 4 4 3 3 . . 4 Hottest 173 | 70 70 173 173 110 122 . . 166 Shots Fired 329 | 30 53 60 77 22 22 . . 65 Gun 315 | 30 53 60 77 22 21 . . 52 Cannon . | . . . . . . . . . Launcher 14 | . . . . . 1 . . 13 Special . | . . . . . . . . . Kinetic 147 | 16 27 15 31 12 11 . . 35 Thermal 74 | 14 26 15 8 . . . . 11 Explosive 14 | . . . . . 1 . . 13 Electromagnetic 94 | . . 30 38 10 10 . . 6 Robot Hit Streak 13 | 6 5 13 9 11 11 . . 12 Robot Miss Streak 10 | 4 5 4 6 4 5 . . 10 Penetration Max 1 | . . . 1 . . . . . Secondary Targets 1 | . . 1 . . . . . . Max Gunslinging Chain 1 | . . 1 . . . . . . Shots Hit Robots 215 | 14 28 27 46 38 13 . . 49 Core Hits 130 | 6 9 19 25 15 12 . . 44 Critical Kills . | . . . . . . . . . Critical Parts Destroyed 1 | . . . . . . . . 1 Critical Strikes 6 | . 3 . . 2 . . . 1 Burn 3 | . 3 . . . . . . . Destroy 1 | . . . . . . . . 1 Sever 2 | . . . . 2 . . . . Melee Attacks 25 | . . . . 25 . . . . Impact . | . . . . . . . . . Slashing 25 | . . . . 25 . . . . Piercing . | . . . . . . . . . Sneak Attacks . | . . . . . . . . . Combat Hostiles . | . . . . . . . . . Follow-up Attacks . | . . . . . . . . . Damage Inflicted 4738 | 158 344 570 956 850 248 . . 1612 Guns 3123 | 158 344 499 870 286 209 . . 757 Cannons . | . . . . . . . . . Explosions 1051 | . . 71 86 . 39 . . 855 Melee 564 | . . . . 564 . . . . Ramming . | . . . . . . . . . Kinetic 1539 | 82 143 59 255 247 158 . . 595 Thermal 622 | 76 201 96 125 . . . . 124 Explosive 894 | . . . . . 39 . . 855 Electromagnetic 1119 | . . 415 576 39 51 . . 38 Impact . | . . . . . . . . . Slashing 564 | . . . . 564 . . . . Piercing . | . . . . . . . . . Highest Corruption 19 | . . . 3 3 3 3 3 19 Average Corruption 6 | . . . 3 2 3 3 3 16 Corruption Purged . | . . . . . . . . . Corruption Blocked . | . . . . . . . . . Effects 72 | . . . 8 8 12 11 3 30 Message Errors 19 | . . . . 2 4 1 3 9 Matter Fused 18 | . . . 1 2 3 4 . 8 Heat Flow Errors 6 | . . . . 1 2 . . 3 Energy Discharges 9 | . . . 3 1 1 . . 4 Parts Fused 2 | . . . . . . 1 . 1 Data Loss (minor) 10 | . . . 4 . 1 3 . 2 Data Loss (major) 4 | . . . . 1 . 2 . 1 Misfires 2 | . . . . . 1 . . 1 Alerts 1 | . . . . 1 . . . . Weapon Failures 1 | . . . . . . . . 1 Overload Shots . | . . . . . . . . . Overflow Damage 45 | . . . . 29 . . . 16 Projectiles . | . . . . . . . . . Explosions 16 | . . . . . . . . 16 Melee 29 | . . . . 29 . . . . Knockbacks . | . . . . . . . . . Impact . | . . . . . . . . . Kinetic . | . . . . . . . . . Secondary . | . . . . . . . . . Self-Inflicted Damage 201 | . . 40 34 . 7 . . 120 Shots 7 | . . 2 1 . 1 . . 3 Rammed . | . . . . . . . . . Targets Rammed . | . . . . . . . . . Kicked . | . . . . . . . . . Crushed . | . . . . . . . . . Highest Temperature 575 | 36 60 307 321 33 261 . . 575 Average Temperature 102 | 12 18 111 117 11 73 . . 263 Received Heat Transfer 1324 | . 42 51 135 537 63 . . 496 Effects 12 | . . . 3 . . . . 9 Shutdowns 1 | . . . . . . . . 1 Energy Bleed 1 | . . . . . . . . 1 Interference 6 | . . . 3 . . . . 3 Short Circuit 2 | . . . . . . . . 2 Damage (minor) 2 | . . . . . . . . 2 Siege Activations . | . . . . . . . . . Martial Activations . | . . . . . . . . . Shielding Activations . | . . . . . . . . . Robots Disrupted . | . . . . . . . . . Combat Hostiles . | . . . . . . . . . Robots Corrupted 1 | . . . 1 . . . . . Combat Hostiles 1 | . . . 1 . . . . . Parts Fried 1 | . . 1 . . . . . . Impact Corruptions . | . . . . . . . . . Robots Melted . | . . . . . . . . . Combat Hostiles . | . . . . . . . . . Parts Melted 1 | . . 1 . . . . . . Heat Transferred 1730 | 222 814 174 261 . . . . 259 Parts Sabotaged . | . . . . . . . . . Parts Stolen . | . . . . . . . . . Parts Stripped . | . . . . . . . . . Power Chain Reactions 3 | . . 2 1 . . . . . Alert | -11 -10 -9 -8 -7 -7 -7 -7 -6 ------- Run | Yrd Mat Mat Mat Fac Low Low Dat Pro Maximum Alert Level 1 | . . . . 1 . . . . Low Security (%) 94 | 100 100 100 100 76 . . . . Level 1 5 | . . . . 23 . . . . Level 2 . | . . . . . . . . . Level 3 . | . . . . . . . . . Level 4 . | . . . . . . . . . Level 5 . | . . . . . . . . . High Security . | . . . . . . . . . Max Security . | . . . . . . . . . Peak Influence 240 | 10 100 77 131 240 . . . . Initial 39 | . . 33 11 39 . . . . Average 57 | . 39 26 44 132 . . . . Influence Increases 1686 | 25 165 233 391 480 70 . . 322 Destroy 0b10 Robot/C 960 | . 100 140 240 160 40 . . 280 Destroy 0b10 Robot/NC 60 | 25 5 25 5 . . . . . Destroy Leader 196 | . 30 44 52 60 . . . 10 Allied During Kill 32 | . . . . . . . . 32 Disable Machine 45 | . . 15 30 . . . . . Anti-Garrison Action 200 | . . . . 200 . . . . Destroy Structure 13 | . . 9 4 . . . . . Partial Spotted 15 | . . . 15 . . . . . Lose Combat Pursuer 165 | . 30 . 45 60 30 . . . Influence Decreases 1649 | 25 85 284 331 419 220 . . 285 Entered New Map 171 | . . 47 18 50 56 . . . Time Decay 1222 | 25 85 237 296 260 164 . . 155 Lost Part 236 | . . . 17 109 . . . 110 Lost Ally 20 | . . . . . . . . 20 Squads Dispatched 9 | . 3 2 . 3 . . . 1 Investigation 3 | . 2 . . 1 . . . . Extermination 1 | . . . . 1 . . . . Reinforcement 3 | . 1 2 . . . . . . Assault 1 | . . . . . . . . 1 Garrison 1 | . . . . 1 . . . . Intercept . | . . . . . . . . . Searches Triggered . | . . . . . . . . . Construction Impeded . | . . . . . . . . . Haulers Reinforced . | . . . . . . . . . Active Scanning Responses . | . . . . . . . . . Cargo Convoy Interrupts . | . . . . . . . . . Stealth | -11 -10 -9 -8 -7 -7 -7 -7 -6 --------- Run | Yrd Mat Mat Mat Fac Low Low Dat Pro Distress Signals 2 | . . . 2 . . . . . Communications Jammed . | . . . . . . . . . Distress Signals . | . . . . . . . . . Times Spotted 69 | . 11 10 16 13 4 . . 15 Peak Tracking Total 7 | . 4 2 4 4 4 . . 7 Tactical Retreats 6 | . 1 . 3 1 1 . . . Traps | -11 -10 -9 -8 -7 -7 -7 -7 -6 ------- Run | Yrd Mat Mat Mat Fac Low Low Dat Pro Traps Triggered 2 | . 2 . . . . . . . Indirectly . | . . . . . . . . . Trap Hack Attempts . | . . . . . . . . . Triggered . | . . . . . . . . . Disarmed . | . . . . . . . . . Reprogrammed . | . . . . . . . . . Reused . | . . . . . . . . . Traps Extracted . | . . . . . . . . . Installed . | . . . . . . . . . Triggered . | . . . . . . . . . Machines | -11 -10 -9 -8 -7 -7 -7 -7 -6 ---------- Run | Yrd Mat Mat Mat Fac Low Low Dat Pro Machines Disabled 3 | . . 1 2 . . . . . Max in Single Turn 1 | . . 1 1 . . . . . Garrison Access 1 | . . . . 1 . . . . Machines Repaired . | . . . . . . . . . Machines Dismantled . | . . . . . . . . . Machines Sabotaged . | . . . . . . . . . Overloaded Fab Kills . | . . . . . . . . . Hacking | -11 -10 -9 -8 -7 -7 -7 -7 -6 --------- Run | Yrd Mat Mat Mat Fac Low Low Dat Pro Machines Accessed 7 | . . 2 . 1 . . 4 . Terminals 2 | . . 2 . . . . . . Fabricators . | . . . . . . . . . Repair Stations . | . . . . . . . . . Recycling Units . | . . . . . . . . . Scanalyzers . | . . . . . . . . . Garrison Access 1 | . . . . 1 . . . . Total Hacks 40 | . . 7 . 3 . . 30 . Successful 31 | . . . . 1 . . 30 . Failed 9 | . . 7 . 2 . . . . Catastrophic 3 | . . 3 . . . . . . Database Lockouts . | . . . . . . . . . Manual 6 | . . 5 . 1 . . . . Terminals 7 | . . 7 . . . . . . Fabricators . | . . . . . . . . . Repair Stations . | . . . . . . . . . Recycling Units . | . . . . . . . . . Scanalyzers . | . . . . . . . . . Garrison Access 3 | . . . . 3 . . . . Terminal Hacks 30 | . . . . . . . 30 . Record 11 | . . . . . . . 11 . Part Schematic 13 | . . . . . . . 13 . Robot Schematic 3 | . . . . . . . 3 . Prototype ID Bank 3 | . . . . . . . 3 . Fabricator Hacks . | . . . . . . . . . Repair Station Hacks . | . . . . . . . . . Recycling Unit Hacks . | . . . . . . . . . Scanalyzer . | . . . . . . . . . Garrison Access Hacks . | . . . . . . . . . Unauthorized Hacks 1 | . . . . 1 . . . . Terminals . | . . . . . . . . . Fabricators . | . . . . . . . . . Repair Stations . | . . . . . . . . . Recycling Units . | . . . . . . . . . Scanalyzers . | . . . . . . . . . Garrison Access 1 | . . . . 1 . . . . Jam 1 | . . . . 1 . . . . Data Cores Recovered . | . . . . . . . . . Used . | . . . . . . . . . Hacking Detections 3 | . . 2 . 1 . . . . Full Trace Events 1 | . . 1 . . . . . . Feedback Events . | . . . . . . . . . Feedback Blocked . | . . . . . . . . . Robot Schematics Acquired 3 | . . . . . . . 3 . Robots Built . | . . . . . . . . . Authchips . | . . . . . . . . . Time . | . . . . . . . . . Total Robot Build Rating . | . . . . . . . . . Part Schematics Acquired 13 | . . . . . . . 13 . Parts Built . | . . . . . . . . . Authchips . | . . . . . . . . . Time . | . . . . . . . . . Total Part Build Rating . | . . . . . . . . . Part Studies Acquired . | . . . . . . . . . Parts Repaired . | . . . . . . . . . Time . | . . . . . . . . . Parts Recycled . | . . . . . . . . . Recycled Matter . | . . . . . . . . . Retrieved Matter . | . . . . . . . . . Retrieved Components . | . . . . . . . . . Parts Scanalyzed . | . . . . . . . . . Part Schematics Acquired . | . . . . . . . . . Parts Damaged . | . . . . . . . . . Bothacking | -11 -10 -9 -8 -7 -7 -7 -7 -6 ------------ Run | Yrd Mat Mat Mat Fac Low Low Dat Pro Used RIF Installer . | . . . . . . . . . Robots Hacked . | . . . . . . . . . Non-combat . | . . . . . . . . . Combat . | . . . . . . . . . Robot Hacks Applied . | . . . . . . . . . Relay Couplers Released . | . . . . . . . . . Fabnet Peak Effective % . | . . . . . . . . . Robots Rewired . | . . . . . . . . . Allies Hacked . | . . . . . . . . . Hacks Repelled . | . . . . . . . . . Allies | -11 -10 -9 -8 -7 -7 -7 -7 -6 -------- Run | Yrd Mat Mat Mat Fac Low Low Dat Pro Total Allies 1 | . . . . . . . . 1 Largest Group 1 | . . . . . . . . 1 Highest-Rated Group 96 | . . . . . . . . 96 Highest-Rated Ally 96 | . . . . . . . . 96 Total Orders . | . . . . . . . . . Ally Attacks 12 | . . . . . . . . 12 Total Damage 491 | . . . . . . . . 491 Kills 3 | . . . . . . . . 3 Allies Corrupted . | . . . . . . . . . Allies Melted . | . . . . . . . . . Intel | -11 -10 -9 -8 -7 -7 -7 -7 -6 ------- Run | Yrd Mat Mat Mat Fac Low Low Dat Pro Active Infowar (turns) 1975 | 15 281 119 . 60 616 619 161 104 Terrain 1560 | . . . . 60 616 619 161 104 Seismic 415 | 15 281 119 . . . . . . Robot Analysis Total . | . . . . . . . . . Derelict Logs Recovered 1 | . . . . . . . . 1 Drone Launches . | . . . . . . . . . Drone Recoveries . | . . . . . . . . . Exploration | -11 -10 -9 -8 -7 -7 -7 -7 -6 ------------- Run | Yrd Mat Mat Mat Fac Low Low Dat Pro Turns Passed 5424 | 228 281 653 1113 697 833 619 161 839 Spaces Moved 2422 | 109 106 329 416 310 456 383 95 218 Core 95 | 18 . . . . . . . 77 Treads 2226 | 91 106 329 416 310 456 383 95 40 Legs 101 | . . . . . . . . 101 Wheels . | . . . . . . . . . Hover . | . . . . . . . . . Flight . | . . . . . . . . . Fastest Speed 50 | 50 160 160 240 160 160 160 160 160 Average Speed 191 | 156 160 160 240 177 160 160 160 335 Slowest Speed 650 | 250 160 160 240 240 160 160 160 650 Overloaded Moves . | . . . . . . . . . Propulsion Burnouts . | . . . . . . . . . Robots Hopped . | . . . . . . . . . Potential Cave-ins . | . . . . . . . . . Cave-ins Triggered . | . . . . . . . . . Exploration Rate (%) 36 | 7 24 26 40 7 58 60 71 35 Regions Visited 8 Branch Regions 4 Pre-discovered Areas 1 | . . . . . . . 1 . Known Exits Taken . | . . . . . . . . . Unknown Exits Taken 8 | 1 1 1 1 1 1 1 1 . Scrap Searched 8 | . . . . . 3 3 . 2 Spaces Dug . | . . . . . . . . . Terrain Destroyed 118 | . . 8 2 . 17 . . 91 Melee . | . . . . . . . . . Projectile 3 | . . . . . . . . 3 AOE 115 | . . 8 2 . 17 . . 88 Terrain Rammed . | . . . . . . . . . Walls Destroyed . | . . . . . . . . . Machines Disabled . | . . . . . . . . . Actions | -11 -10 -9 -8 -7 -7 -7 -7 -6 --------- Run | Yrd Mat Mat Mat Fac Low Low Dat Pro Total 2893 | 134 165 418 485 394 538 389 104 266 Wait 220 | . 32 58 26 27 60 7 10 . Move 2414 | 108 105 328 415 309 455 382 94 218 Hop . | . . . . . . . . . Pick Up 27 | 3 1 7 10 2 2 . . 2 Fast Attach 20 | 7 . 2 1 4 2 . . 4 Attach 19 | . . . 3 7 4 . . 5 Detach 4 | . . . . . 2 . . 2 Swap 17 | . . 4 4 6 3 . . . Drop 13 | . . 4 6 2 . . . 1 Fire 134 | 16 27 15 20 12 10 . . 34 Melee 25 | . . . . 25 . . . . Ram . | . . . . . . . . . Kick . | . . . . . . . . . Crush . | . . . . . . . . . Escape Stasis . | . . . . . . . . . Rewire . | . . . . . . . . . Trap . | . . . . . . . . . Miscellaneous . | . . . . . . . . . Route ------- -11/Scrapyard -10/Materials -9/Materials -8/Materials -7/Factory (discovered 2 exits: [*Sto] / [*Low]) -7/Lower Caves -7/Lower Caves (discovered 2 exits: [*Fac] / *Dat) -7/Data Miner -6/Proximity Caves History --------- Turn | Location | Event 5 | -11/Scrapyard | Discovered new exit (range 15) 229 | -11/Scrapyard | Entered Materials 311 | -10/Materials | Build established: Mutant 465 | -10/Materials | Discovered new exit (range 6) 510 | -10/Materials | Entered another Materials area 510 | -9/Materials | Evolved 2 slots: Weapon x2 823 | -9/Materials | Build established: Gunner 1004 | -9/Materials | Discovered new exit (range 10) 1163 | -9/Materials | Entered another Materials area 1163 | -8/Materials | Evolved 2 slots: Utility x2 1475 | -8/Materials | Build established: Hacker-Tank 2197 | -8/Materials | Discovered new exit (range 4) 2276 | -8/Materials | Entered Factory 2276 | -7/Factory | Evolved 2 slots: Utility x2 2471 | -7/Factory | Garrison activated, responded to threat 2578 | -7/Factory | Discovered new exit (range 4) 2581 | -7/Factory | Lost 3 parts (1p1n1w) 2583 | -7/Factory | Discovered new exit (range 10) 2618 | -7/Factory | Build established: Hacker-Mutant 2911 | -7/Factory | Lost 4 parts (1p1n2w) 2973 | -7/Factory | Entered Lower Caves 3283 | -7/Lower Caves | Found Alien Artifact 3285 | -7/Lower Caves | Identified Core Expander 3285 | -7/Lower Caves | Installed Core Expander, added new Utility slot 3768 | -7/Lower Caves | Discovered new exit (range 9) 3806 | -7/Lower Caves | Entered another Lower Caves area 3847 | -7/Lower Caves | Discovered new exit (range 7) 3917 | -7/Lower Caves | Build established: Hacker-Skirmisher 4380 | -7/Lower Caves | Discovered new exit (range 13) 4425 | -7/Lower Caves | Entered Data Miner 4425 | -7/Data Miner | Discovered new exit (range 6) 4456 | -7/Data Miner | Met Data Miner 4505 | -7/Data Miner | Learned location of Section 7 (-3) 4505 | -7/Data Miner | Acquired the access code to Warlord's prototype stash 4549 | -7/Data Miner | Received God Mode back door access code from Data Miner 4586 | -7/Data Miner | Entered Proximity Caves 4640 | -6/Proximity Caves | Attracted the attention of an 0b10 outpost 4682 | -6/Proximity Caves | Core integrity fell below 50% 4700 | -6/Proximity Caves | Escorted by Enhanced Grunt 4702 | -6/Proximity Caves | System corruption reached 10% 4735 | -6/Proximity Caves | Lost 13 parts (1p1n7u4w) 4906 | -6/Proximity Caves | Learned location of 1 exit from Factory 4974 | -6/Proximity Caves | Build established: Mutant 5410 | -6/Proximity Caves | Core integrity fell below 20% 5425 | -6/Proximity Caves | Destroyed by G-50 Soldier with Heavy Laser Last Messages --------------- 05389_ System corrupted: Matter fused (-10). 05399_ Slug penetrates Wall. 05399_ E-15 Imp destroyed. 05406_ Slug penetrates G-67 Veteran. 05406_ G-67 Veteran suffers critical hit (Destroy). 05406_ Destroyed Flexi-carbon Leg. 05408_ The unstable cave ceiling collapses. 05410_ System corrupted: Matter fused (-10). 05412_ Critical hit (Burn: +50). 05412_ Slug penetrates L-41 Fighter. 05414_ Lgt. Nuclear Core destroyed. 05414_ Slug penetrates L-41 Fighter. 05416_ L-41 Fighter destroyed. 05418_ Slug penetrates L-41 Fighter. 05419_ The unstable cave ceiling collapses. 05419_ Mak. Leg destroyed. 05419_ KE Penetrator destroyed. 05420_ Hvy. Missile Launcher destroyed. 05423_ L-41 Fighter destroyed. Map ----- +----------------------------------------------------+ | ?????????????????????????????????????????????????? | | ?????????????????????????????????????????????????? | | ?????????????????????????????????????????????????? | | ?????????????????????????????????????????????????? | | ?????????????????????????????????????????????????? | | ?????????????????????????????????????????????????? | | ?????????????????????????????????????????????????? | | ?????????????????????????????????????????????????? | | ?????????????????????????????????????????????????? | | ?????????????????????????????????????????????????? | | ?????????????????????????????????????????????????? | | ?????????????????????????????????????????????????? | | ?????????????????????????????????????????????????? | | ???????????????????????????????#####??#??????????? | | ?????#####?????????????????##### #? ######?????? | | ????## ##????????????????? #? ?????? | | ???## ###??????????????? ## ????? | | #?## ##???????????#### ????? | | ## ##??????????# ????? | | ##?????????# ????? | | ########### ????? | | ## # ??????? | | ## # ## ?????????? | | #### #?????????? | | ##??# #?????????? | | #???# @ #??????????? | | ##??# %! ###????????? | | ###??# ### g #####????? | | ????# #?## g #??### | | ??### ??# ## #### | | ???# ? ##### # | | ???# ###### #### | | ??######### ##### #### ##### | | ############ ##### #???# | | ?###???##### ###?## ####???## | | ??########## ##??## ####????##### | | #?#### ## ## ????###;??????## ### | | ##??# ######### ###???#####???# ## | | ?#### #### ###?###### ?#???## ##???# ## | | ?#### #### ###### ########## ##???# # | | #### ## #?### ###?# # | | # ### ###### ## ### # | | ## ##### ### ### ### | | ?## ### ######?# | | ?### % #######?#????# | | #??# # ### #??#?????????## | | ?#### ## % # ###??###??????## | | ##??# ## % #% ##??#?##????????## ### | | ##### % ### " ###?###??#????????# #?? | | ###### #### # # #######???????????# #?? | +----------------------------------------------------+ Best States ------------- Heat Dissipation 53 Energy Generation 14 Energy Capacity 275 Matter Stores 300 Matter Capacity 300 Sight Range 16 Terrain Scan Range 16 Terrain Scan Density 210 Armor Coverage 225 Utility Shielding 66 Evasion (%) 40 Recoil Reduction 2 Offensive Hacking 20 Item Schematics ----------------- Combat Drone Bay | -7/Data Miner | Free Lgt. Regenerative Plating | -7/Data Miner | Free Biomechanical Wings | -7/Data Miner | Free Exp. Targeting Computer | -7/Data Miner | Free Com. Ion Cannon | -7/Data Miner | Free Nuclear Pulse Array | -7/Data Miner | Free Imp. Coolant Injector | -7/Data Miner | Free Lyr. Heavy Armor Plating | -7/Data Miner | Free Wave Gun | -7/Data Miner | Free Arm. Leg | -7/Data Miner | Free Lrn. Tractor Beam | -7/Data Miner | Free Adv. Power Amplifier | -7/Data Miner | Free Force Lance | -7/Data Miner | Free Robot Schematics ------------------ S-27 Virus | -7/Data Miner | Free Y-54 Guardian | -7/Data Miner | Free M-14 Sweeper | -7/Data Miner | Free Fabricated ------------ Nothing Repaired ---------- Nothing Studied --------- None Alien Tech Used ----------------- Core Expander Achievements -------------- None Challenges ------------ None Game ------ Seed FortressTargetDoublenader Manual? 0 Play Time 00:22:49 Cumulative 123.0 hours Start 2026.07.14 @ 20:45:10 End 2026.07.14 @ 21:08:21 Sessions 1 Manual Loads 0 Difficulty Rogue Special Mode None Game No. 261 Rogue 261 Adventurer 0 Explorer 0 Win Type - Total 0 Types 0/0/0/0/0/0/0/0/0/0 Lore% 53 Gallery% 52 Achievement% 41 Wizard Run 0 Options --------- Layout 2 ASCII 0 Keyboard 1 Movement Arrows Keybinds 0 Fullscreen 1 Font 24/Smallcaps Map View 50x44 Zoom Use 0% Tactical HUD 1 Map Filters NONE Filters NONE Steam 1 RUN: 3e7f7aa0-05e2-4b38-96f9-e37a6e5ee05d